 Dungeon Crawl Stone Soup version 0.25-a0-489-g9ae84a01e3 (webtiles) character file.

Game seed: 564050330596478254, levelgen mode: deterministic

58 Erk the Conjurer (level 3, -1/33 HPs)
             Began as a Draconian Conjurer on Feb 11, 2020.
             Killed from afar by Natasha (4 damage)
             ... with a magic dart
             ... on level 2 of the Dungeon.
             The game lasted 00:06:38 (1774 turns).

Erk the Conjurer (Draconian Conjurer)               Turns: 1774, Time: 00:06:39

Health: -1/33      AC:  6    Str: 14    XL:     3   Next: 76%
Magic:  0/6        EV: 12    Int: 15    God:
Gold:   111        SH:  0    Dex: 11    Spells: 5/6 levels left

rFire    . . .     SeeInvis .   p - +0 hand axe
rCold    . . .     Gourm    .   (no shield)
rNeg     . . .     Faith    .   (armour unavailable)
rPois    .         Spirit   .   (helmet restricted)
rElec    .         Reflect  .   o - +0 cloak
rCorr    .         Harm     .   (no gloves)
MR       .....                  (no boots)
Stlth    ++........             (no amulet)
HPRegen  0.11/turn              d - +3 ring of strength
MPRegen  0.10/turn              (no ring)

@: very slightly contaminated
A: unfitting armour, cold-blooded, AC +5
a: no special abilities


You were on level 2 of the Dungeon.
You were very hungry.

You visited 1 branch of the dungeon, and saw 2 of its levels.

You collected 111 gold pieces.

Inventory:

Hand Weapons
 m - a +0 short sword
 p - a +0 hand axe (weapon)
Armour
 o - a +0 cloak (worn)
Jewellery
 d - a +3 ring of strength (left hand)
Wands
 n - a wand of iceblast (6)
Scrolls
 a - a scroll of fog {unknown}
 c - a scroll of identify {unknown}
 h - a scroll of blinking {unknown}
 i - 2 scrolls of teleportation
 k - a scroll of enchant armour {unknown}
 l - a scroll of remove curse {unknown}
 q - a scroll of enchant weapon {unknown}
Potions
 e - a potion of curing {unknown}
 f - a potion of might {unknown}
 g - a potion of heal wounds
 j - a potion of invisibility {unknown}
 r - a potion of haste {unknown}
Comestibles
 b - 5 rations


   Skills:
 + Level 3.8 Fighting
 - Level 1.7 Dodging
 - Level 1.7 Stealth
 - Level 2.0 Spellcasting
 - Level 4.0 Conjurations


You had 5 spell levels left.
You knew the following spells:

 Your Spells              Type           Power        Failure   Level  Hunger
a - Magic Dart            Conj           ##..         4%          1    #......

Your spell library contained the following spells:

 Spells                   Type           Power        Failure   Level  Hunger
 Searing Ray              Conj           ##....       6%          2    ###....
 Dazzling Flash           Conj/Hex       #.....       28%         3    ###....
 Fulminant Prism          Conj/Hex       #.........   67%         4    #####..
 Iskenderun's Mystic Bla  Conj/Tloc      #.......     67%         4    #####..


Dungeon Overview and Level Annotations

Branches:
Dungeon (2/15)

Altars:

Annotations:
D:2 Natasha


Innate Abilities, Weirdness & Mutations

Your plain brown scales are hard. (AC +5)
You cannot fit into any form of body armour.
You are cold-blooded and may be slowed by cold attacks.


Message History

You closely miss Natasha.
Natasha is almost dead.
Natasha mumbles some strange words.
You closely miss Natasha.
Natasha is almost dead.
Natasha claws you!
* * * LOW HITPOINT WARNING * * *
Natasha mumbles some strange words.
Casting: Magic Dart (safe; 4% risk of failure)
Confirm with . or Enter, or press ? or * to list all spells.
Aiming: Magic Dart (safe; 4% risk of failure)
Press: ? - help, Shift-Dir - straight line, f/p - Natasha
Aim: Natasha (almost dead)
You miscast Magic Dart.
You are very lightly contaminated with residual magic.
Nothing appears to happen.
The crimson imp hits you but does no damage.
Natasha casts a spell at you. The magic dart hits you.
You die...

### ####.#### #.......# ##
########...5.).##########.
#...........5.............
#.######....h@####.######.##
#.# #.#...## #.#######.###
#.# #.##.## #........)...
#.# #.##.# ###########.. #.#
#>##.# ##. #.# #.##.# ...
#.# #.##.######### ##.# #.#
#..........(.# #. ####.#
##..##........ ..


You could see Natasha, a crimson imp and a shadow imp.

Vanquished Creatures
  Natasha (D:2)
  An ooze (D:2)
  A leopard gecko (D:1)
  2 ball pythons (D:1)
  2 giant cockroaches (D:1)
  8 goblins
  2 hobgoblins
  2 kobolds
  3 bats (D:1)
  3 rats (D:1)
25 creatures vanquished.

Notes
Turn   | Place    | Note
-------+----------+-------------------------------------------
     0 | D:1      | Erk the Draconian Conjurer began the quest for the Orb.
     0 | D:1      | Reached XP level 1. HP: 14/14 MP: 3/3
   211 | D:1      | Reached skill level 1 in Fighting
   402 | D:1      | Reached XP level 2. HP: 24/24 MP: 3/5
  1493 | D:2      | Noticed Natasha
  1502 | D:2      | Reached XP level 3. HP: 22/31 MP: 6/6
  1506 | D:2      | Killed Natasha
  1550 | D:2      | Noticed Natasha
  1774 | D:2      | Killed from afar by Natasha

Levels and vault maps discovered:
D:1:      minmay_arrival_plants_in_alcoves, layout_loops_corners, minivault_24
D:2:      layout_loops_ring, nicolae_overflow_hidden_temple, uniq_natasha

Skill      XL: |  1  2 |
---------------+-------+-----
Fighting       | 1 3 |  3.8
Dodging        | |  1.7
Stealth        | |  1.7
Spellcasting   | |  2.0
Conjurations   | |  4.0

Action                   || total
-------------------------++-------
Melee: Club              ||    10
       Tailslap          ||     4
       Unarmed           ||     1
       Hand axe          ||    26
       Short sword       ||     5
 Cast: Magic Dart        ||    43
  Use: Scroll            ||     1
 Stab: Sleeping          ||     2
  Eat: Chunk             ||     2
Armor: Skin              ||    17
Dodge: Dodged            ||    35

Table legend:
 A = Non-vault XP
 B = Vault XP
 C = Vault XP percentage of total XP
 D = Non-vault monster count
 E = Vault monster count
 F = Vault count percentage of total count
                 A         B        C        D         E       F
            +---------+---------+-------+---------+---------+-------
      Total |      48 |      36 |  42.9 |      24 |       1 |   4.0
            +---------+---------+-------+---------+---------+-------
        D:1 |      26 |       0 |   0.0 |      15 |       0 |   0.0
        D:2 |      22 |      36 |  62.1 |       9 |       1 |  10.0
            +---------+---------+-------+---------+---------+-------
